 Dungeon Crawl Stone Soup version 0.20-a0-1121-gbb42413 (webtiles) character file.

917 sveltemanboy the Cudgeler (level 7, -7/54 HPs)
             Began as a Demonspawn Monk on May 10, 2017.
             Mangled by a gnoll
             ... wielding a +2 whip of electrocution
              (20 damage)
             ... on level 5 of the Dungeon.
             The game lasted 00:12:25 (5870 turns).

sveltemanboy the Cudgeler (Demonspawn Monk)         Turns: 5870, Time: 00:12:26

Health: -7/54      AC: 18    Str: 13    XL:     7   Next: 83%
Magic:  2/2        EV: 10    Int: 12    God:
Gold:   294        SH:  0    Dex: 15    Spells: 6/6 levels left

rFire    . . .     SeeInvis .   n - +0 flail (antimagic)
rCold    . . .     Gourm    +   (no shield)
rNeg     . . .     Faith    .   m - +0 scale mail
rPois    .         Spirit   .   e - +2 helmet
rElec    .         Reflect  .   (no cloak)
rCorr    .         Harm     .   (no gloves)
MR       .....                  (no boots)
Stlth    +.........             a - amulet of the gourmand
Regen    0.2/turn               (no ring)
MPRegen  0.1/turn               (no ring)

@: sanguine armour, hasted, very quick
A: talons 2, rot immunity, sanguine armour 2
a: no special abilities


You were on level 5 of the Dungeon.
You were completely stuffed.

You visited 1 branch of the dungeon, and saw 5 of its levels.

You collected 294 gold pieces.

Inventory:

Hand Weapons
 n - a +0 antimagic flail (weapon)
Armour
 e - a +2 helmet (worn)
 m - a +0 scale mail (worn)
Jewellery
 a - an amulet of the gourmand (around neck)
Wands
 b - a wand of lightning (11/15)
 j - a wand of random effects (37/48)
Scrolls
 f - 5 scrolls of remove curse
 k - a scroll of recharging {unknown}
 l - a scroll of enchant weapon {unknown}
 o - 2 scrolls of identify {unknown}
 r - 2 scrolls of teleportation {unknown}
Potions
 d - a potion of flight
 p - a potion of might {unknown}
 q - a potion of heal wounds {unknown}
 s - a potion of degeneration {unknown}
 t - 2 potions of brilliance {unknown}
 v - a potion of lignification {unknown}
Comestibles
 c - 2 bread rations
 g - a fruit
 i - 2 meat rations
 u - 5 chunks of flesh


   Skills:
 - Level 4.1 Fighting
   Level 2.6 Long Blades
 * Level 6.5 Maces & Flails
 - Level 3.0 Armour
 - Level 3.5 Dodging
 - Level 1.7 Stealth


You had 6 spell levels left.
You didn't know any spells.

Dungeon Overview and Level Annotations

Branches:
Dungeon (5/15)
 Temple: D:4-7

Altars:
Hepliaklqana

Shops:
D:4 %


Innate Abilities, Weirdness & Mutations

You have razor-sharp toenails.
You are immune to rotting.
When seriously injured, your bleeding wounds create thick armour. (AC +9)


Message History

The gnoll hits you with a whip of electrocution.
Your blood congeals into armour.
You hit the gnoll. You claw the gnoll.
The gnoll is severely wounded.
The gnoll barely misses you. The gnoll hits you but does no damage.
You closely miss the gnoll. You claw the gnoll, but do no damage.
The gnoll is severely wounded.
The gnoll hits you but does no damage. The gnoll barely misses you.
You hit the gnoll but do no damage.
The gnoll is severely wounded.
The gnoll hits you with a whip of electrocution.
You are electrocuted!
* * * LOW HITPOINT WARNING * * *
The gnoll closely misses you.
The gnoll sergeant hits you but does no damage.
The gnoll closely misses you.
You feel yourself speed up. The gnoll hits you but does no damage.
The gnoll sergeant hits you but does no damage.
The gnoll hits you but does no damage.
You are electrocuted!
You die...

.........#.....#................
.........#.....#................
..)......#.....'................
.........#.....#....(...........
####.....#.....#.(..............
..###'########.##(##...#########
..##...###..##.##.##...##
.............#...(......#
.............#..@.......#
.............#..gg......#
.............#..g.......#
..##...###..#####'##...##
####...###..###...##'###
..#...........#.....g.
..+...........# .......
..#...........# .......
..#...........# ..##.....


You could see a gnoll sergeant and 2 gnolls.

Vanquished Creatures
  An ice beast (D:4)
  A centaur (D:5)
  The ghost of mopl the Sneak, an amateur DEAs (D:3)
  A bullfrog (D:5)
  A scorpion (D:5)
  A vampire bat (D:5)
  2 howler monkeys (D:4)
  3 orc wizards
  2 bullfrog skeletons
  Jessica (D:3)
  Natasha (twice) (D:2)
  A worker ant (D:5)
  A hound zombie (D:5)
  A howler monkey zombie (D:5)
  A gnoll (D:5)
  5 adders
  2 oozes
  An adder skeleton (D:4)
  2 worms (D:2)
  A dart slug (D:3)
  3 leopard geckos
  15 orcs
  3 ball pythons (D:2)
  7 giant cockroaches
  6 goblins
  9 hobgoblins
  4 jackals (D:5)
  A quokka (D:3)
  15 bats
  6 frilled lizards
  4 kobolds
  A leopard gecko zombie (D:5)
  5 rats
110 creatures vanquished.

Vanquished Creatures (others)
  An orc wizard (D:3)
1 creature vanquished.

Grand Total: 111 creatures vanquished

Notes
Turn   | Place    | Note
-------+----------+-------------------------------------------
     0 | D:1      | sveltemanboy the Demonspawn Monk began the quest for the Orb.
     0 | D:1      | Reached XP level 1. HP: 18/18 MP: 1/1
   225 | D:1      | Gained mutation: You have sharp toenails. [demonic ancestry]
   225 | D:1      | Reached XP level 2. HP: 24/24 MP: 2/2
   721 | D:2      | Reached skill level 1 in Armour
  1040 | D:2      | Found a hazy altar of Hepliaklqana.
  1216 | D:2      | Noticed Natasha
  1237 | D:2      | Noticed a crimson imp
  1239 | D:2      | Noticed a crimson imp
  1271 | D:2      | Noticed a crimson imp
  1309 | D:2      | Killed Natasha
  1309 | D:2      | Gained mutation: You have razor-sharp toenails. [demonic ancestry]
  1309 | D:2      | Reached XP level 3. HP: 8/29 MP: 3/3
  1845 | D:2      | Noticed Natasha
  1856 | D:2      | Killed Natasha
  1856 | D:2      | Gained mutation: When seriously injured, your bleeding wounds create armour. (AC +9) [demonic ancestry]
  1856 | D:2      | Reached XP level 4. HP: 3/37 MP: 4/4
  2377 | D:3      | Noticed mopl's ghost (amateur DEAs)
  2923 | D:3      | Reached skill level 1 in Maces & Flails
  2923 | D:3      | Gained mutation: When seriously injured, your bleeding wounds create thick armour. (AC +9) [demonic ancestry]
  2923 | D:3      | Reached XP level 5. HP: 30/42 MP: 1/5
  3101 | D:3      | Killed mopl's ghost
  3101 | D:3      | Reached skill level 2 in Maces & Flails
  3242 | D:3      | Noticed Jessica
  3247 | D:3      | Killed Jessica
  3603 | D:3      | Reached XP level 6. HP: 36/48 MP: 2/6
  3914 | D:3      | Reached skill level 3 in Maces & Flails
  4268 | D:4      | Reached skill level 4 in Maces & Flails
  4454 | D:4      | Found Hecid's Food Boutique.
  4686 | D:4      | Noticed an ice beast
  4705 | D:4      | Killed an ice beast
  4705 | D:4      | Gained mutation: You are immune to rotting. [demonic ancestry]
  4705 | D:4      | Reached XP level 7. HP: 14/54 MP: 2/7
  5046 | D:5      | Entered Level 5 of the Dungeon
  5073 | D:5      | Reached skill level 5 in Maces & Flails
  5745 | D:5      | Reached skill level 6 in Maces & Flails
  5870 | D:5      | Mangled by a gnoll

Vault maps used:
D:1:      dpeg_arrival_houses_and_road
D:2:      lemuel_round_altar, first_bread, uniq_natasha
D:3:      uniq_jessica
D:4:      serial_shops, kennysheep_mini
D:5:      minmay_temple_entry_glassed_door, roderic_batcave,
          kennysheep_generic_room_9

Skill      XL: |  1  2  3  4  5  6  7 |
---------------+----------------------+-----
Dodging        | 3 |  3.5
Armour         | 1 2 3 |  3.0
Maces & Flails | 1 2 4 6 |  6.5
Fighting       | 4 |  4.1
Long Blades    | |  2.6
Stealth        | |  1.7

Action                   |  1- 3 |  4- 6 |  7- 9 || total
-------------------------+-------+-------+-------++-------
Melee: Falchion          |    75 |    41 |       ||   116
       Unarmed           |    10 |       |       ||    10
       Kick              |    14 |    82 |    36 ||   132
       Flail             |       |   243 |   123 ||   366
  Use: Potion            |       |     3 |     1 ||     4
       Scroll            |       |     1 |       ||     1
 Stab: Sleeping          |     3 |       |       ||     3
  Eat: Chunk             |     3 |    22 |     4 ||    29
Armor: Robe              |    19 |       |       ||    19
       Scale mail        |    11 |   179 |    81 ||   271
Dodge: Dodged            |    36 |   161 |    90 ||   287
       Rpst.: Falchion   |    13 |     7 |       ||    20
